 Dungeon Crawl Stone Soup version 0.29-a0-22-gbf593b16ee (webtiles) character file.

Game seed: 6981199668613806427

392 Rennog the Magician (level 7, -15/50 HPs)
             Began as a Djinni Fire Elementalist on Jan 30, 2022.
             Killed from afar by Pikel (45 damage)
             ... with a bolt of acid
             ... on level 4 of the Dungeon.
             The game lasted 00:05:33 (4529 turns).

Rennog the Magician (Djinni Fire Elementalist)      Turns: 4529, Time: 00:05:34

Health: -15/50     AC:  6    Str: 20    XL:     7   Next: 8%
Gold:   186        EV: 12    Int: 18    God:
                   SH:  0    Dex: 14

rFire   + + .      SeeInvis .   m - +0 dagger (venom)
rCold   x . .      Faith    .   (no shield)
rNeg    . . .      Spirit   .   l - +2 leather armour of Hosineest {Will+ Str+7}
rPois   ∞          Reflect  .   (no helmet)
rElec   .          Harm     .   (no cloak)
rCorr   .          Rampage  .   j - +0 pair of gloves
Will    +....                   (boots unavailable)
Stlth   ++........              (no amulet)
HPRegen 0.16/turn               i - +6 ring of strength
MPRegen 0.00/turn               (no ring)

@: flying
A: sickness immunity, fire resistance 2, cold vulnerability 1, float, innate
caster, HP casting, extra vitality 1
a: no special abilities


You were on level 4 of the Dungeon.
You visited 1 branch of the dungeon, and saw 4 of its levels.

You collected 186 gold pieces.

Inventory:

Hand Weapons
 m - a +0 dagger of venom (weapon)
Armour
 a - a +0 robe
 j - a +0 pair of gloves (worn)
 l - the +2 leather armour of Hosineest (worn) {Will+ Str+7}
   (You found it on level 2 of the Dungeon)

   Str:       It affects your strength (+7).
   Will:      It increases your willpower.
Jewellery
 i - a +6 ring of strength (left hand)
Scrolls
 c - a scroll of torment {unknown}
 e - 2 scrolls of amnesia {unknown}
 f - 2 scrolls of teleportation {unknown}
 g - 4 scrolls of identify {unknown}
 h - 2 scrolls of fog {unknown}
 k - a scroll of noise {unknown}
 q - a scroll of vulnerability {unknown}
Potions
 b - a potion of mutation {unknown}
 d - a potion of lignification {unknown}
 n - a potion of resistance {unknown}
 o - a potion of curing {unknown}
 p - a potion of attraction {unknown}


   Skills:
 + Level 3.2 Fighting
 - Level 2.1 Dodging
 - Level 1.5 Stealth
 * Level 5.0 Spellcasting


You couldn't memorise any spells.
You knew the following spells:

 Your Spells              Type           Power      Damage    Failure   Level
a - Foxfire               Conj/Fire      88%        2x1d8     1%          1
b - Scorch                Fire           44%        2d7       3%          2
c - Conjure Flame         Conj/Fire      22%        6-21      6%          3
d - Inner Flame           Hex/Fire       22%        N/A       6%          3
e - Flame Wave            Conj/Fire      22%        2d7       21%         4
f - Apportation           Tloc           44%        N/A       1%          1
g - Searing Ray           Conj           44%        2d6       3%          2
h - Lesser Beckoning      Tloc           22%        N/A       6%          3
Your spell library was empty.

Dungeon Overview and Level Annotations

Branches:
Dungeon (4/15)
 Temple: D:4-7

Altars:

Annotations:
D:4 Pikel


Innate Abilities, Weirdness & Mutations

You are immune to sickness and miasma.
You are immune to poison.
Your flesh is very heat resistant. (rF++)
You are vulnerable to cold. (rC-)
You float through the air rather than walking.
You learn spells naturally, not from books.
Your magical power is your life essence.
You have superior vitality. (+4 MHP)


Message History

The lemure is almost dead.
The searing ray hits the lemure.
You kill the lemure!
That felt strangely unrewarding.
The searing ray hits Pikel.
Pikel is moderately wounded.
The lemure hits you.
The searing ray hits the lemure.
The lemure is almost dead.
The searing ray hits Pikel.
Pikel is heavily wounded.
The searing ray hits the lemure but does no damage.
The lemure hits you.
The searing ray hits the lemure!
You kill the lemure!
That felt strangely unrewarding.
The searing ray hits Pikel but does no damage.
Pikel is heavily wounded.
The searing ray misses the lemure.
You finish channelling your searing ray.
Casting: Searing Ray (safe; 3% risk of failure)
Confirm with . or Enter, or press ? or * to list all spells.
Aiming: Searing Ray (safe; 3% risk of failure)
Press: ? - help, Shift-Dir - straight line, f - Pikel
Aim: Pikel, wielding a +1 whip of flaming, wearing a +0 robe and carrying a wand of acid (11) (heavily wounded, 72% to hit)
The searing ray hits Pikel but does no damage.
Pikel is heavily wounded.
The searing ray hits the lemure.
The lemure is lightly wounded.
The searing ray hits the lemure.
The lemure is moderately wounded. (Press . to maintain the ray.)
The searing ray hits Pikel.
Pikel is heavily wounded.
The searing ray hits the lemure.
The lemure is moderately wounded.
The searing ray hits the lemure.
The lemure is heavily wounded.
Pikel zaps a wand.
The bolt of acid hits you!!!
Ouch! That really hurt!
You die...

## ### ..
##.#################.# #
#.#[.....@K55........# #
##.###########.##.##.###
# #.# #.##.# ..5 # #.#
#.##.# #.# # #.# #.##.#
#.# # #.## #.##.# ##.###
#..# #.##.# #..... ##.#
#.##.# #..### #.#
#.##.###..##.


You could see Pikel and 2 lemures.

Vanquished Creatures
  Sigmund (D:3)
  2 lemures (D:4)
  A centaur skeleton (D:4)
  2 iguanas
  Terence (D:2)
  4 adders
  A worm (D:2)
  6 dart slugs
  4 ball pythons
  9 endoplasms
  2 giant cockroaches
  10 goblins
  6 hobgoblins
  3 jackals (D:1)
  11 kobolds
  5 quokkas
  5 bats
  3 frilled lizards
  3 rats
79 creatures vanquished.

Vanquished Creatures (others)
  317 foxfires
317 creatures vanquished.

Grand Total: 396 creatures vanquished

Notes
Turn   | Place    | Note
-------+----------+-------------------------------------------
     0 | D:1      | Rennog the Djinni Fire Elementalist began the quest for the
                  | Orb.
     0 | D:1      | Reached XP level 1. HP: 15/15 MP: 0/0
    89 | D:1      | Reached XP level 2. HP: 10/21 MP: 0/0
   542 | D:1      | Reached skill level 3 in Spellcasting
   760 | D:1      | Reached XP level 3. HP: 20/25 MP: 0/0
   760 | D:1      | Learned a level 1 spell: Apportation
   814 | D:1      | Found a faded altar of an unknown god.
  1827 | D:1      | Reached XP level 4. HP: 19/31 MP: 0/0
  2146 | D:2      | Reached skill level 1 in Fighting
  2229 | D:2      | Noticed Terence
  2233 | D:2      | Killed Terence
  2654 | D:2      | Identified the +2 leather armour of Hosineest {Will+ Str+7}
  2700 | D:2      | Reached XP level 5. HP: 34/37 MP: 0/0
  2700 | D:2      | Learned a level 2 spell: Searing Ray
  3099 | D:3      | Reached skill level 4 in Spellcasting
  3508 | D:3      | Noticed Sigmund
  3513 | D:3      | Killed Sigmund
  3514 | D:3      | Reached XP level 6. HP: 40/45 MP: 0/0
  4116 | D:4      | Reached XP level 7. HP: 46/50 MP: 0/0
  4116 | D:4      | Learned a level 3 spell: Lesser Beckoning
  4227 | D:3      | Reached skill level 5 in Spellcasting
  4512 | D:4      | Noticed Pikel
  4529 | D:4      | Killed from afar by Pikel

Illustrated notes

Levels and vault maps discovered:
D:1:      onia_arrival_pentagram, layout_basic, basic_ecumenical_altar,
          hangedman_abyss_or_decor_lesser_grid, minmay_three_crescents
D:2:      layout_basic, uniq_terence
D:3:      layout_rooms, uniq_sigmund
D:4:      layout_loops_ring, minmay_mini_ossuary, uniq_eustachio, uniq_pikel

Skill      XL: |  1  2  3  4  5  6  7 |
---------------+----------------------+-----
Spellcasting   | 3 4 5 |  5.0
Fighting       | 1 2 3 |  3.2
Dodging        | |  2.1
Stealth        | |  1.5

Action                   |  1- 3 |  4- 6 |  7- 9 || total
-------------------------+-------+-------+-------++-------
Melee: Unarmed           |       |     1 |       ||     1
       Dagger            |       |     2 |       ||     2
 Cast: Foxfire           |   119 |    61 |     1 ||   181
       Scorch            |       |    24 |     2 ||    26
       Searing Ray       |       |     5 |     5 ||    10
Armor: Robe              |     1 |       |       ||     1
       Leather armour    |       |     3 |     3 ||     6
Dodge: Dodged            |     1 |    11 |     6 ||    18

Table legend: (Time is in decaauts)
 A = Elapsed time spent in this place.
 B = Non-inter-level travel time spent in this place.
 C = Inter-level travel time spent in this place.
 D = Time resting spent in this place.
 E = Time spent auto-exploring this place.
 F = Levels seen in this place.
 G = Mean time per level.
                   A        B        C        D        E       F      G
               +--------+--------+--------+--------+--------+-----+--------+
         Total |   4529 |   4421 |    108 |    196 |   3730 |   4 | 1132.2 |
       Dungeon |   4529 |   4421 |    108 |    196 |   3730 |   4 | 1132.2 |
               +--------+--------+--------+--------+--------+-----+--------+

Top non-repeatable levels by time:
     D:1: 2123 daAuts
     D:3: 912 daAuts
     D:2: 894 daAuts
     D:4: 599 daAuts
